 Seeded DCSS version 0.31-a0-986-g5e6e4ef867 (webtiles) character file.

Game seed: 10330998962624985796 (custom seed)

85 Hubris850 the Chiller (level 4, -3/30 HPs)
             Began as a Merfolk Ice Elementalist on Nov 13, 2023.
             Was an Initiate of Gozag.
             Slain by a gnoll
             ... wielding a +0 flail of protection
              (9 damage)
             ... on level 4 of the Dungeon.
             The game lasted 00:05:54 (2654 turns).

Hubris850 the Chiller (Merfolk Ice Elementalist)    Turns: 2654, Time: 00:05:54

Health: -3/30      AC:  8    Str: 13    XL:     4   Next: 48%
Magic:  2/8        EV: 12    Int: 18    God:    Gozag
Gold:   347        SH:  0    Dex: 14    Spells: 2/9 levels left

rFire   . . .        k - +6 dagger "Kuagoppao" {freeze, Will+ Str+5 Int+2}
rCold   . . .        (no shield)
rNeg    . . .        g - +0 leather armour
rPois   .            (no helmet)
rElec   .            (no cloak)
rCorr   .            (no gloves)
SInv    .            r - +0 pair of boots
Will    +....        (no amulet)
Stlth   ++           (no ring)
HPRegen 0.25/turn    (no ring)
MPRegen 0.11/turn

%: no passive effects
@: ice-armoured, gold aura, freezing walls
A: (nimble swimmer 2), mertail
a: Renounce Religion, Potion Petition, Call Merchant, Bribe Branch


You were on level 4 of the Dungeon.
You worshipped Gozag.
Gozag was aware of your devotion.
You visited 1 branch of the dungeon, and saw 4 of its levels.

You collected 347 gold pieces.

Inventory:

Hand Weapons
 j - a +0 dagger
 k - the +6 dagger "Kuagoppao" (weapon) {freeze, Will+ Str+5 Int+2}
   (You found it on level 2 of the Dungeon)

   Str+5:     It affects your strength (+5).
   Int+2:     It affects your intelligence (+2).
   Will+:     It increases your willpower.
Armour
 a - a +0 robe
 g - a +0 leather armour (worn)
 r - a +0 pair of boots (worn)
Wands
 n - a wand of iceblast (10)
Scrolls
 d - a scroll of teleportation {unknown}
 e - 2 scrolls of blinking {unknown}
 f - 2 scrolls of identify {unknown}
 h - a scroll of noise {unknown}
 l - a scroll of enchant armour {unknown}
 o - a scroll of enchant weapon {unknown}
 s - a scroll of torment {unknown}
Potions
 b - a potion of magic
 c - 2 potions of curing {unknown}
 i - a potion of cancellation {unknown}
 m - a potion of heal wounds {unknown}
 p - a potion of mutation {unknown}
 q - a potion of enlightenment {unknown}


   Skills:
 - Level 2.6 Dodging
 - Level 2.1 Stealth
 + Level 3.3 Spellcasting
 + Level 5.4 Ice Magic


You had 2 spell levels left.
You knew the following spells:

 Your Spells              Type           Power      Damage    Failure   Level
a - Freeze                Ice            88%        1d9       2%          1
b - Frozen Ramparts       Ice            44%        1d7       6%          3
c - Ozocubu's Armour      Ice            22%        N/A       6%          3

Your spell library contained the following spells:

 Spells                   Type           Power      Damage    Failure   Level
 Slow                     Hex            8%         N/A       21%         1
 Confusing Touch          Hex            2%         N/A       52%         3
 Sigil of Binding         Hex            2%         N/A       52%         3
 Vampiric Draining        Necr           2%         2d6       52%         3
 Summon Ice Beast         Ice/Summ       12%        N/A       54%         4


Dungeon Overview and Level Annotations

Branches:
Dungeon (4/15)
 Temple: D:4-7

Altars:
Gozag

Shops:
D:3 (:?

Annotations:
D:4 3 runed translucent doors, kaesle's ghost, amateur HOFi


Innate Abilities, Weirdness & Mutations

((You are very nimble when in or above water. (Stealth+, EV+, Speed+++)))
Your lower body shifts to a powerful aquatic tail in water.


Message History

A gnoll comes into view. It is wielding a +0 whip.
The gnoll shouts!
You hear a shout!
A gnoll comes into view.
It is wielding a +0 flail of protection.
You barely miss the gnoll. The gnoll misses you.
The orc warrior shouts!
You puncture the gnoll! You freeze the gnoll.
The gnoll is severely wounded.
You hear a shout!
The gnoll barely misses you.
You puncture the gnoll! You freeze the gnoll.
You kill the gnoll!
You barely miss the gnoll. The gnoll hits you with a +0 whip.
You completely miss the gnoll. The gnoll hits you with a +0 whip.
You hit the gnoll but do no damage.
The orc complains to no one in particular.
The orc warrior is distracted by your dazzling golden aura.
The gnoll hits you with a +0 flail of protection.
The gnoll hits you with a +0 whip.
You closely miss the gnoll. The gnoll hits you with a +0 whip.
The gnoll hits you with a +0 flail of protection!
* * * LOW HITPOINT WARNING * * *
You are too injured to fight recklessly!
Casting: Freeze (safe; 2% risk of failure)
Confirm with . or Enter, or press ? or * to list all spells.
Casting: Frozen Ramparts (dangerous; 6% risk of failure)
Press: ? - help, Dir - look around, f - activate The walls around you are covered in ice.
The orc warrior shouts!
The wall freezes the gnoll but does no damage.
The wall freezes the gnoll.
The gnoll closely misses you.
Casting: Frozen Ramparts (dangerous; 6% risk of failure)
Confirm with . or Enter, or press ? or * to list all spells.
A film of ice covers your body!
The orc warrior is no longer distracted by gold.
The gnoll barely misses you.
The wall freezes the gnoll.
The gnoll hits you but does no damage.
You barely miss the gnoll.
The gnoll hits you with a +0 flail of protection!
You die...
Your body crumbles into a pile of gold.

### oo o###.# ..
...#####o...#..?.
....oooooo..#....
####+++######....
............8...<
................ #...
......?.....#######..#
.......g.........#8..#
.......g@........##..#
..##..$##........##..#
#8... #........##..#
##... #........#8..#
#... ######.<.##..#
#... #.......# 8...
#...##### ##... #####


You could see an orc warrior, an orc priest, 2 gnolls and 5 orcs.

Vanquished Creatures
  A gnoll (D:4)
  3 adders
  2 dart slugs
  An orc (D:3)
  6 endoplasms
  2 giant cockroaches (D:2)
  4 goblins
  5 hobgoblins
  2 kobolds (D:2)
  2 quokkas
  4 ball pythons
  7 bats
  3 frilled lizards
42 creatures vanquished.

Notes
Turn   | Place    | Note
-------+----------+-------------------------------------------
     0 | D:1      | Hubris850 the Merfolk Ice Elementalist began the quest for
                  | the Orb.
     0 | D:1      | Reached XP level 1. HP: 13/13 MP: 3/3
   673 | D:1      | Reached XP level 2. HP: 19/19 MP: 0/5
   940 | D:2      | Identified the +6 dagger "Kuagoppao" {freeze, Will+ Str+5
                  | Int+2}
  1113 | D:2      | Reached XP level 3. HP: 24/24 MP: 6/6
  1117 | D:2      | Learned a level 3 spell: Frozen Ramparts
  1121 | D:2      | Learned a level 3 spell: Ozocubu's Armour
  1347 | D:2      | Reached skill level 5 in Ice Magic
  1591 | D:2      | Found a faded altar of an unknown god.
  1602 | D:2      | Prayed at the altar of an unknown god.
  1602 | D:2      | Became a worshipper of Gozag Ym Sagoz the Greedy
  2179 | D:3      | Reached XP level 4. HP: 28/30 MP: 8/8
  2211 | D:3      | Found Testamme's Book Emporium.
  2301 | D:3      | Found Giblul's Weapon Boutique.
  2536 | D:3      | Found Vaulelo's Magic Scroll Shoppe.
  2637 | D:4      | Found a runed translucent gate.
  2637 | D:4      | Found a runed translucent gate.
  2638 | D:4      | Found a runed translucent gate.
  2639 | D:4      | Noticed an orc warrior
  2640 | D:4      | Noticed kaesle's ghost (amateur HOFi)
  2640 | D:4      | Identified the +1 leather armour of Dangucup {rPois}
  2654 | D:4      | Slain by a gnoll

Illustrated notes

Levels and vault maps discovered:
D:1:      dpeg_arrival_arbitrary_c, layout_loops_corners
D:2:      layout_basic, shapermc_ecumenical_altar_totnotflames
D:3:      layout_rooms, serial_shops, shop, shop, nicolae_shop_rolled_up,
          minmay_misc_feat_square, minmay_misc_feat_nine_boxes
D:4:      layout_rooms, nicolae_dithmenos_shadow_blocks,
          nicolae_wu_jian_wuxing_cycle, nicolae_ru_the_path_less_chosen,
          biasface_ghost_orc_armoury, serial_corexii_hall,
          corexii_hall_statues_l, corexii_hall_statues_t,
          chequers_hall_statues_corner_a, corexii_hall_statues_x

Skill      XL: |  1  2  3 |
---------------+----------+-----
Ice Magic      | 5 |  5.4
Spellcasting   | 3 |  3.3
Dodging        | |  2.6
Stealth        | |  2.1

Action                     |  1- 3 |  4- 6 || total
---------------------------+-------+-------++-------
  Melee: Unarmed           |    37 |       ||    37
         Dagger            |    64 |    28 ||    92
   Cast: Freeze            |    10 |       ||    10
         Ozocubu's Armour  |       |     1 ||     1
         Frozen Ramparts   |       |     1 ||     1
   Stab: Sleeping          |     3 |     2 ||     5
 Armour: Leather armour    |    49 |    19 ||    68
         Robe              |     2 |       ||     2
  Dodge: Dodged            |    56 |    15 ||    71

Table legend: (Time is in decaauts)
 A = Elapsed time spent in this place.
 B = Non-inter-level travel time spent in this place.
 C = Inter-level travel time spent in this place.
 D = Time resting spent in this place.
 E = Time spent auto-exploring this place.
 F = Levels seen in this place.
 G = Mean time per level.
                   A        B        C        D        E       F      G
               +--------+--------+--------+--------+--------+-----+--------+
         Total |   2652 |   2560 |     92 |     38 |   2144 |   4 |  663.0 |
       Dungeon |   2652 |   2560 |     92 |     38 |   2144 |   4 |  663.0 |
               +--------+--------+--------+--------+--------+-----+--------+

Top non-repeatable levels by time:
     D:2: 1022 daAuts
     D:1: 936 daAuts
     D:3: 664 daAuts
     D:4: 28 daAuts
